 Dungeon Sprint DCSS version 0.28-a0-664-gc179e30c89 (webtiles) character file.

Game seed: 13641656330853016598

1592 iamoutofideas the Eclecticist (level 8, -1/41 HPs)
             Began as a Deep Elf Earth Elementalist on Oct 15, 2021.
             Was a Believer of Vehumet.
             Slain by Erolcha (30 damage)
             ... in the Dungeon (Sprint III: "The Ten Rune Challenge").
             The game lasted 00:04:21 (1109 turns).

iamoutofideas the Eclecticist (DEEE)                Turns: 1109, Time: 00:04:22

Health: -1/41      AC:  3    Str:  5    XL:     8   Next: 61%
Magic:  15/31      EV: 15    Int: 23    God:    Vehumet [**....]
Gold:   38         SH:  0    Dex: 15    Spells: 26/42 levels left

rFire   . . .      SeeInvis +   (no weapon)
rCold   + . .      Faith    .   (no shield)
rNeg    . . .      Spirit   .   b - +0 robe
rPois   .          Reflect  .   (no helmet)
rElec   .          Harm     .   (no cloak)
rCorr   .          Rampage  .   (no gloves)
Will    .....      NoTele   +   r - +0 pair of boots
Stlth   ++........              (no amulet)
HPRegen 0.13/turn               (no ring)
MPRegen 0.22/turn               (no ring)

@: swift, quick
A: see invisible, cold resistance 1, sense surroundings 1
a: Renounce Religion


You were in the Dungeon.
You worshipped Vehumet.
Vehumet was pleased with you.
You visited 1 branch You collected 38 gold pieces.

Inventory:

Missiles
 i - 6 stones
Armour
 a - a +2 pair of boots
 b - a +0 robe (worn)
 r - a +0 pair of boots (worn)
Wands
 j - a wand of polymorph (12)
Scrolls
 h - a scroll of blinking
 l - a scroll of amnesia {unknown}
 n - 2 scrolls of torment {unknown}
 o - 3 scrolls of identify
 p - a scroll of immolation {unknown}
Potions
 c - a potion of curing
 d - 2 potions of heal wounds
 e - a potion of haste
 f - 2 potions of magic
 g - 2 potions of berserk rage
 k - 5 potions of flight
 m - a potion of mutation
 q - a potion of might
Miscellaneous
 s - a piece from Xom's chessboard (15/15)


   Skills:
 + Level 6.3 Dodging
 - Level 3.2 Stealth
 + Level 0.1 Unarmed Combat
 * Level 17.5 Spellcasting
 * Level 6.1 Conjurations
 - Level 1.7 Transmutations
 + Level 0.9 Air Magic
 + Level 12.7 Earth Magic


You had 26 spell levels left.
You knew the following spells:

 Your Spells              Type           Power      Damage    Failure   Level
a - Sandblast             Erth           100%       2d20      0%          1
b - Stone Arrow           Conj/Erth      100%       3d13      1%          3
c - Swiftness             Air            24%        N/A       5%          3
d - Airstrike             Air            12%        N/A       19%         4
e - Petrify               Tmut/Erth      52%        N/A       1%          4
f - Foxfire               Conj/Fire      100%       2x1d9     1%          1

Your spell library contained the following spells:

 Spells                   Type           Power      Damage    Failure   Level
 Freeze                   Ice            80%        1d9       2%          1
 Shock                    Conj/Air       100%       1d9       1%          1
 Passwall                 Tmut/Erth      43%        N/A       1%          2


Dungeon Overview and Level Annotations

Branches:
Dungeon (1/1)

Altars:
Cheibriados
Dithmenos
Elyvilon
Fedhas
Gozag
Hepliaklqana
Kikubaaqudgha
Makhleb
Nemelex Xobeh
Okawaru
Qazlal
Ru
Sif Muna
Trog
Uskayaw
Vehumet
Wu Jian
Xom
Yredelemnul
Zin
The Shining One
Beogh
Jiyva
Lugonu

Annotations:
D Erolcha


Innate Abilities, Weirdness & Mutations

You have supernaturally acute eyesight. (SInv)
Your flesh is cold resistant. (rC+)
You passively map a small area around you.


Message History

Aiming: Stone Arrow (safe; 1% risk of failure)
Press: ? - help, Shift-Dir - straight line, f - Erolcha
Aim: Erolcha, wielding a +0 giant spiked club and wearing a +0 robe (87% to hit)
The stone arrow hits Erolcha.
Erolcha is lightly wounded.
Erolcha hits you with a +0 giant spiked club!
Casting: Stone Arrow (safe; 1% risk of failure)
Confirm with . or Enter, or press ? or * to list all spells.
Aiming: Stone Arrow (safe; 1% risk of failure)
Press: ? - help, Shift-Dir - straight line, f/p - Erolcha
Aim: Erolcha, wielding a +0 giant spiked club and wearing a +0 robe (lightly wounded, 87% to hit)
The stone arrow hits Erolcha!!
Erolcha is heavily wounded.
Erolcha misses you.
Casting: Stone Arrow (safe; 1% risk of failure)
Confirm with . or Enter, or press ? or * to list all spells.
Aiming: Stone Arrow (safe; 1% risk of failure)
Press: ? - help, Shift-Dir - straight line, f/p - Erolcha
Aim: Erolcha, wielding a +0 giant spiked club and wearing a +0 robe (heavily wounded, 87% to hit)
The stone arrow hits Erolcha!
Erolcha is almost dead.
Erolcha drinks a potion.
Erolcha is healed!
Casting: Stone Arrow (safe; 1% risk of failure)
Confirm with . or Enter, or press ? or * to list all spells.
Aiming: Stone Arrow (safe; 1% risk of failure)
Press: ? - help, Shift-Dir - straight line, f/p - Erolcha
Aim: Erolcha, wielding a +0 giant spiked club and wearing a +0 robe (severely wounded, 87% to hit)
The stone arrow misses Erolcha.
Erolcha mumbles some strange words.
Erolcha flickers and vanishes for a moment.
Casting: Stone Arrow (safe; 1% risk of failure)
Confirm with . or Enter, or press ? or * to list all spells.
Aiming: Stone Arrow (safe; 1% risk of failure)
Press: ? - help, Shift-Dir - straight line, f/p - Erolcha
Aim: Erolcha, wielding a +0 giant spiked club and wearing a +0 robe (severely wounded, slightly transparent, 87% to hit)
The stone arrow hits Erolcha!
Erolcha is almost dead.
Erolcha hits you with a +0 giant spiked club!!
Ouch! That really hurt!
You die...

__# ,* * * ._#, , ,* *
)## ,, , ≈≈ ..# , , ,,,
..# * * * * , #'# * **
** ..#+##############
..#....#.#.#.....#, ,
..##.#).#.##.###@#,
..)##.#)#.##.#.O##,,,,,
..#.).#..#..##.. ,
▓▓▓▓▓▓▓▓▓▓▓▓▓▓▓▓ , ,,,
, ,, , ≈ ≈ ,^ * ** * ,
, ** * * * *,


You could see Erolcha (invisible).

Vanquished Creatures
  A deep elf pyromancer (D)
  A shadow (D)
  A necrophage (D)
  4 two-headed ogres (D)
  A water elemental (D)
  A jelly (D)
  Jessica (D)
  A wizard (D)
  A necromancer (D)
  3 humans (D)
  A kobold demonologist (D)
  A phantom (D)
  An endoplasm (D)
  2 rats (D)
20 creatures vanquished.

Notes
Turn   | Place    | Note
-------+----------+-------------------------------------------
     0 | D        | iamoutofideas the Deep Elf Earth Elementalist began the
                  | quest for the Orb.
     0 | D        | Reached XP level 1. HP: 10/10 MP: 6/6
   100 | D        | Noticed Jessica
   104 | D        | Killed Jessica
   105 | D        | Reached skill level 4 in Spellcasting
   105 | D        | Reached skill level 5 in Earth Magic
   105 | D        | Reached XP level 2. HP: 10/15 MP: 4/9
   105 | D        | Reached XP level 3. HP: 13/19 MP: 4/11
   201 | D        | Learned a level 3 spell: Stone Arrow
   220 | D        | Reached skill level 5 in Spellcasting
   272 | D        | Gained mutation: Your spells are a little easier to cast,
                  | but a little less powerful. [potion of mutation]
   272 | D        | Gained mutation: Armour fits poorly on your strangely
                  | shaped body. [potion of mutation]
   273 | D        | Lost mutation: Armour fits poorly on your strangely shaped
                  | body. [potion of mutation]
   273 | D        | Lost mutation: Your spells are a little easier to cast, but
                  | a little less powerful. [potion of mutation]
   273 | D        | Gained mutation: Armour fits poorly on your strangely
                  | shaped body. [potion of mutation]
   273 | D        | Gained mutation: You have supernaturally acute eyesight.
                  | (SInv) [potion of mutation]
   273 | D        | Gained mutation: You are somewhat resistant to further
                  | mutation. [potion of mutation]
   274 | D        | Lost mutation: You are somewhat resistant to further
                  | mutation. [potion of mutation]
   274 | D        | Lost mutation: Armour fits poorly on your strangely shaped
                  | body. [potion of mutation]
   274 | D        | Gained mutation: Your flesh is cold resistant. (rC+)
                  | [potion of mutation]
   274 | D        | Gained mutation: You passively map a small area around you.
                  | [potion of mutation]
   287 | D        | Noticed a water elemental
   292 | D        | Killed a water elemental
   293 | D        | Reached skill level 7 in Spellcasting
   293 | D        | Reached XP level 4. HP: 11/24 MP: 9/15
   456 | D        | Found a basalt altar of Yredelemnul.
   456 | D        | Found a shadowy altar of Dithmenos.
   456 | D        | Found a sacrificial altar of Ru.
   456 | D        | Noticed a necrophage
   459 | D        | Reached skill level 8 in Spellcasting
   460 | D        | Killed a necrophage
   461 | D        | Reached skill level 5 in Dodging
   461 | D        | Reached skill level 10 in Spellcasting
   461 | D        | Reached XP level 5. HP: 28/28 MP: 11/19
   571 | D        | Found a radiant altar of Vehumet.
   571 | D        | Found a shimmering blue altar of Sif Muna.
   571 | D        | Found an ancient bone altar of Kikubaaqudgha.
   575 | D        | Reached skill level 11 in Spellcasting
   582 | D        | Became a worshipper of Vehumet
   587 | D        | Learned a level 3 spell: Swiftness
   592 | D        | Learned a level 4 spell: Airstrike
   597 | D        | Learned a level 4 spell: Petrify
   604 | D        | Found a glowing silver altar of Zin.
   604 | D        | Found a glowing golden altar of the Shining One.
   604 | D        | Found a white marble altar of Elyvilon.
   605 | D        | Noticed a deep elf pyromancer
   607 | D        | Killed a deep elf pyromancer
   608 | D        | Reached skill level 14 in Spellcasting
   608 | D        | Reached XP level 6. HP: 32/32 MP: 19/25
   608 | D        | Reached XP level 7. HP: 36/36 MP: 19/26
   614 | D        | Found a hide-covered altar of Uskayaw.
   614 | D        | Found an iron altar of Okawaru.
   614 | D        | Found a bloodstained altar of Trog.
   614 | D        | Found an ornate altar of the Wu Jian Council.
   614 | D        | Noticed a human
   614 | D        | Noticed a human
   617 | D        | Killed a human
   618 | D        | Reached skill level 15 in Spellcasting
   618 | D        | Killed a human
   618 | D        | Reached * piety under Vehumet
   618 | D        | Offered knowledge of Foxfire by Vehumet.
   621 | D        | Learned a level 1 spell: Foxfire
   689 | D        | Noticed a shadow
   691 | D        | Killed a shadow
   692 | D        | Reached skill level 16 in Spellcasting
   692 | D        | Reached skill level 5 in Conjurations
   692 | D        | Reached XP level 8. HP: 41/41 MP: 27/30
   704 | D        | Found a blossoming altar of Fedhas.
   704 | D        | Found a stormy altar of Qazlal.
   705 | D        | Found a snail-covered altar of Cheibriados.
   705 | D        | Found a burning altar of Makhleb.
   705 | D        | Found a hazy altar of Hepliaklqana.
   705 | D        | Found a shimmering altar of Xom.
   705 | D        | Found an opulent altar of Gozag.
   705 | D        | Found a sparkling altar of Nemelex Xobeh.
   705 | D        | Found a corrupted altar of Lugonu.
   705 | D        | Found a viscous altar of Jiyva.
   737 | D        | Offered knowledge of Freeze by Vehumet.
   737 | D        | Reached ** piety under Vehumet
   906 | D        | Noticed a two-headed ogre
   918 | D        | Killed a two-headed ogre
   919 | D        | Reached skill level 17 in Spellcasting
  1104 | D        | Noticed a two-headed ogre
  1104 | D        | Noticed Erolcha
  1109 | D        | Slain by Erolcha

Illustrated notes

Levels and vault maps discovered:
D:        dungeon_sprint_mu [sprint_mu_entry_forest, sprint_mu_temple_rooms,
          sprint_mu_d1_spiders, sprint_mu_d2_genie, sprint_mu_d3_branching,
          sprint_mu_orc_legion, sprint_mu_elf_gauntlet, sprint_mu_hive_nellie,
          sprint_mu_lair_fedhas, sprint_mu_vaults_butterflies,
          sprint_mu_slime_circle, sprint_mu_shoals_archi,
          sprint_mu_snake_twists, sprint_mu_blade_basic, sprint_mu_crypt_lich,
          sprint_mu_tomb_spiral, sprint_mu_vestibule_basic,
          sprint_mu_gehenna_hellfire, sprint_mu_dis_giant,
          sprint_mu_tartarus_statrot, sprint_mu_cocytus_islands, sprint_mu_zot1]

Skill      XL: |  1  2  3  4  5  6  7  8 |
---------------+-------------------------+-----
Dodging        | 3 4 5 6 |  6.3
Earth Magic    | 5 7 9 11 12 | 12.7
Stealth        | 3 |  3.2
Spellcasting   | 4 7 10 14 16 17 | 17.5
Conjurations   | 4 5 6 |  6.1
Unarmed Combat | |  0.1
Transmutations | |  1.7
Air Magic      | |  0.9

Action                   |  1- 3 |  4- 6 |  7- 9 || total
-------------------------+-------+-------+-------++-------
Melee: Unarmed           |       |       |     1 ||     1
 Cast: Sandblast         |    11 |     9 |     4 ||    24
       Stone Arrow       |       |       |    21 ||    21
       Swiftness         |       |       |     4 ||     4
  Use: Potion            |     3 |       |       ||     3
 Stab: Sleeping          |       |       |     1 ||     1
Dodge: Dodged            |       |     2 |     7 ||     9

Table legend: (Time is in decaauts)
 A = Elapsed time spent in this place.
 B = Non-inter-level travel time spent in this place.
 C = Inter-level travel time spent in this place.
 D = Time resting spent in this place.
 E = Time spent auto-exploring this place.
 F = Levels seen in this place.
 G = Mean time per level.
                   A        B        C        D        E       F      G
               +--------+--------+--------+--------+--------+-----+--------+
         Total |   1107 |   1107 |      0 |    830 |      0 |   1 | 1107.0 |
       Dungeon |   1107 |   1107 |      0 |    830 |      0 |   1 | 1107.0 |
               +--------+--------+--------+--------+--------+-----+--------+

Top non-repeatable levels by time:
       D: 1107 daAuts
